TOP OF THE 1ST |
St. Louis Cardinals batting - Pitching for Cincinnati Reds : LHP Justin Sullins
|
Pitching: LHP Justin Sullins
|
|
Batting: RHB Rick O'Reilly
|
0-0: Foul Ball, location: 2F 0-1: Foul Ball, location: 2F 0-2: Ball 1-2: Foul Ball, location: 2F 1-2: Strikes out looking
|
Batting: RHB Tenshou Takita
|
0-0: Ball 1-0: Ball 2-0: Ball 3-0: Called Strike 3-1: SINGLE (Groundball, 6MD, EV 105.6 MPH)
|
Batting: SHB Antoine Roux
|
0-0: Called Strike 0-1: Ball 1-1: Ball 2-1: Swinging Strike 2-2: Ball 3-2: Base on Balls Tenshou Takita to second
|
Batting: RHB Bobby Scholl
|
0-0: Called Strike 0-1: 3-RUN HOME RUN (Flyball, 89XD, EV 98.1 MPH), Distance : 405 ft
|
Batting: RHB Branden Cavalcante
|
0-0: Foul Ball, location: 2F 0-1: Ground out 6-3 (Groundball, 6, EV 86.2 MPH)
|
Batting: RHB Francisco Hernandez
|
0-0: Called Strike 0-1: Swinging Strike 0-2: Ball 1-2: Foul Ball, location: 2F 1-2: Ground out 4-3 (Groundball, 4S, EV 67.5 MPH)
|
Top of the 1st over - 3 runs, 2 hits, 0 errors, 0 left on base; St. Louis 3 - Cincinnati 0 |
BOTTOM OF THE 1ST |
Cincinnati Reds batting - Pitching for St. Louis Cardinals : LHP Nick Martin
|
Pitching: LHP Nick Martin
|
|
Batting: LHB Jon Ledesma
|
0-0: DOUBLE (Flyball, 89D, EV 104.4 MPH)
|
Batting: LHB Sean Geisler
|
0-0: Ball 1-0: Foul Ball, location: 2F 1-1: Ground out 6-3 (Groundball, 6, EV 103.8 MPH)
|
Batting: RHB Willie Cardamone
|
0-0: Ball 1-0: Foul Ball, location: 2F 1-1: Foul Ball, location: 2F 1-2: Foul Ball, location: 2F 1-2: Ball 2-2: Fly out, F7 (Flyball, 7LM, EV 83.1 MPH)
|
Batting: SHB Saulo Maina
|
0-0: Called Strike 0-1: Ball 1-1: Swinging Strike 1-2: Ball 2-2: Ground out 6-3 (Groundball, 56, EV 101.2 MPH)
|
Bottom of the 1st over - 0 runs, 1 hit, 0 errors, 1 left on base; St. Louis 3 - Cincinnati 0 |
TOP OF THE 2ND |
St. Louis Cardinals batting - Pitching for Cincinnati Reds : LHP Justin Sullins
|
Batting: LHB John Blair
|
0-0: Ball 1-0: Ground out 6-3 (Groundball, 6, EV 81.9 MPH)
|
Batting: RHB Sergio Godinez
|
0-0: SINGLE (Groundball, 4M, EV 109.4 MPH) (infield hit)
|
Batting: RHB Dustin Clark
|
0-0: Foul Ball, location: 2F 0-1: Swinging Strike 0-2: Ball 1-2: Fly out, F8 (Flyball, 78D, EV 77.5 MPH)
|
Batting: RHB Rick O'Reilly
|
0-0: Called Strike 0-1: Foul Ball, location: 2F 0-2: Ball 1-2: Ball 2-2: Fly out, F7 (Line Drive, 7S, EV 105.6 MPH)
|
Top of the 2nd over - 0 runs, 1 hit, 0 errors, 1 left on base; St. Louis 3 - Cincinnati 0 |
BOTTOM OF THE 2ND |
Cincinnati Reds batting - Pitching for St. Louis Cardinals : LHP Nick Martin
|
Batting: LHB Jesus Lozano
|
0-0: Foul Ball, location: 2F 0-1: Ball 1-1: Ball 2-1: DOUBLE (Line Drive, 89D, EV 111.2 MPH)
|
Batting: RHB Fred Slade
|
0-0: Ball 1-0: Ball 2-0: Ball 3-0: Base on Balls
|
Batting: RHB Willie Lazcano
|
0-0: Ball 1-0: Called Strike 1-1: Ball 2-1: Foul Ball, location: 2F 2-2: Fly out, F7 (Line Drive, 7, EV 92.5 MPH)
|
Batting: LHB Satoru Handa
|
0-0: Fielders Choice at 2nd, 1-6 (Groundball, 34S, EV 68.8 MPH) Jesus Lozano to third
|
Batting: RHB Omar Quintana
|
0-0: Ball 1-0: Swinging Strike 1-1: Swinging Strike 1-2: Fielders Choice at 2nd, 5-4 (Groundball, 5, EV 80.0 MPH)
|
Bottom of the 2nd over - 0 runs, 1 hit, 0 errors, 2 left on base; St. Louis 3 - Cincinnati 0 |
TOP OF THE 3RD |
St. Louis Cardinals batting - Pitching for Cincinnati Reds : LHP Justin Sullins
|
Batting: RHB Tenshou Takita
|
0-0: Ball 1-0: Foul Ball, location: 2F 1-1: Swinging Strike 1-2: Fly out, F9 (Flyball, 9, EV 88.8 MPH)
|
Batting: SHB Antoine Roux
|
0-0: Ball 1-0: Foul Ball, location: 2F 1-1: Ball 2-1: Ball 3-1: Base on Balls
|
Batting: RHB Bobby Scholl
|
0-0: Fielders Choice at 2nd, 3-6 (Groundball, 34S, EV 95.0 MPH)
|
Batting: RHB Branden Cavalcante
|
0-0: Called Strike 0-1: Fielders Choice at 2nd, 6-4 (Groundball, 56D, EV 104.4 MPH)
|
Top of the 3rd over - 0 runs, 0 hits, 0 errors, 1 left on base; St. Louis 3 - Cincinnati 0 |
BOTTOM OF THE 3RD |
Cincinnati Reds batting - Pitching for St. Louis Cardinals : LHP Nick Martin
|
Batting: LHB Jon Ledesma
|
0-0: Ball 1-0: Ball 2-0: Called Strike 2-1: Ball 3-1: SOLO HOME RUN (Flyball, 89XD, EV 98.1 MPH), Distance : 386 ft
|
Batting: LHB Sean Geisler
|
0-0: Ball 1-0: Called Strike 1-1: Foul Ball, location: 2F 1-2: Ball 2-2: Strikes out looking
|
Batting: RHB Willie Cardamone
|
0-0: Foul Ball, location: 2F 0-1: Swinging Strike 0-2: Strikes out looking
|
Batting: SHB Saulo Maina
|
0-0: Swinging Strike 0-1: Foul Ball, location: 2F 0-2: Ball 1-2: Foul Ball, location: 2F 1-2: DOUBLE (Line Drive, 7LS, EV 115.6 MPH)
|
Batting: LHB Jesus Lozano
|
0-0: Ball 1-0: Called Strike 1-1: Ball 2-1: SINGLE (Flyball, 3D, EV 91.9 MPH) Saulo Maina to third
|
Batting: RHB Fred Slade
|
0-0: Called Strike 0-1: Called Strike 0-2: Ball Jesus Lozano steals 2nd base 1-2: DOUBLE (Line Drive, 89D, EV 107.5 MPH) Saulo Maina scores Jesus Lozano scores
|
Batting: RHB Willie Lazcano
|
0-0: Foul Ball, location: 2F 0-1: Ball 1-1: Ball 2-1: Ball 3-1: Foul Ball, location: 2F 3-2: Strikes out looking
|
Bottom of the 3rd over - 3 runs, 4 hits, 0 errors, 1 left on base; St. Louis 3 - Cincinnati 3 |
TOP OF THE 4TH |
St. Louis Cardinals batting - Pitching for Cincinnati Reds : LHP Justin Sullins
|
Batting: RHB Francisco Hernandez
|
0-0: Called Strike 0-1: Fly out, F8 (Flyball, 78S, EV 83.8 MPH)
|
Batting: LHB John Blair
|
0-0: Ground out 5-3 (Groundball, 6S, EV 83.1 MPH)
|
Batting: RHB Sergio Godinez
|
0-0: SINGLE (Line Drive, 89S, EV 88.1 MPH)
|
Batting: RHB Dustin Clark
|
0-0: Ball 1-0: Ground out 5-3 (Groundball, 56S, EV 75.0 MPH)
|
Top of the 4th over - 0 runs, 1 hit, 0 errors, 1 left on base; St. Louis 3 - Cincinnati 3 |
BOTTOM OF THE 4TH |
Cincinnati Reds batting - Pitching for St. Louis Cardinals : LHP Nick Martin
|
Batting: LHB Satoru Handa
|
0-0: Ground out 4-3 (Groundball, 34D, EV 104.4 MPH)
|
Batting: RHB Omar Quintana
|
0-0: Ball 1-0: Fly out, F3 (Popup, 3, EV 78.8 MPH)
|
Batting: LHB Jon Ledesma
|
0-0: Called Strike 0-1: Ball 1-1: Called Strike 1-2: Ball 2-2: Ball 3-2: Fly out, F6 (Flyball, 5D, EV 78.8 MPH)
|
Bottom of the 4th over - 0 runs, 0 hits, 0 errors, 0 left on base; St. Louis 3 - Cincinnati 3 |
TOP OF THE 5TH |
St. Louis Cardinals batting - Pitching for Cincinnati Reds : LHP Justin Sullins
|
Batting: RHB Rick O'Reilly
|
0-0: Ball 1-0: Called Strike 1-1: Swinging Strike 1-2: Fly out, F9 (Line Drive, 9, EV 95.0 MPH)
|
Batting: RHB Tenshou Takita
|
0-0: Ball 1-0: Ball 2-0: Ball 3-0: Called Strike 3-1: Foul Ball, location: 2F 3-2: Base on Balls
|
Batting: SHB Antoine Roux
|
0-0: Called Strike 0-1: SINGLE (Line Drive, 4MD, EV 97.5 MPH) Tenshou Takita to second Runner from 2nd tries for 3rd, SAFE, throw by CF made to third
|
Batting: RHB Bobby Scholl
|
0-0: Ball 1-0: Called Strike 1-1: Called Strike 1-2: Foul Ball, location: 2F 1-2: Foul Ball, location: 2F 1-2: Ball 2-2: SINGLE (Groundball, 6D, EV 104.4 MPH) Tenshou Takita scores Antoine Roux to second
|
Batting: RHB Branden Cavalcante
|
0-0: Swinging Strike 0-1: Ball 1-1: Ball 2-1: Called Strike 2-2: Fly out, F3 (Line Drive, 3, EV 71.2 MPH)
|
Batting: RHB Francisco Hernandez
|
0-0: Ball 1-0: Foul Ball, location: 2F 1-1: Called Strike 1-2: Fly out, F7 (Flyball, 78M, EV 85.0 MPH)
|
Top of the 5th over - 1 run, 2 hits, 0 errors, 2 left on base; St. Louis 4 - Cincinnati 3 |
BOTTOM OF THE 5TH |
Cincinnati Reds batting - Pitching for St. Louis Cardinals : LHP Nick Martin
|
Batting: LHB Sean Geisler
|
0-0: Foul Ball, location: 2F 0-1: Ball 1-1: Ball 2-1: SINGLE (Groundball, 56D, EV 86.9 MPH) (infield hit)
|
Batting: RHB Willie Cardamone
|
0-0: Ball 1-0: Ball 2-0: Called Strike 2-1: Ball 3-1: Base on Balls Sean Geisler to second
|
Batting: SHB Saulo Maina
|
0-0: Called Strike 0-1: Ball 1-1: Ball 2-1: Foul Ball, location: 2F 2-2: Grounds into double play, 5-4-3 (Groundball, 56, EV 80.0 MPH) Sean Geisler to third
|
Batting: LHB Jesus Lozano
|
0-0: Called Strike 0-1: Ball 1-1: Ball 2-1: Called Strike 2-2: Foul Ball, location: 2F 2-2: Strikes out swinging
|
Bottom of the 5th over - 0 runs, 1 hit, 0 errors, 1 left on base; St. Louis 4 - Cincinnati 3 |
TOP OF THE 6TH |
St. Louis Cardinals batting - Pitching for Cincinnati Reds : LHP Justin Sullins
|
Batting: LHB John Blair
|
0-0: Ball 1-0: Ball 2-0: Called Strike 2-1: Foul Ball, location: 2F 2-2: Ground out 1-3 (Groundball, P, EV 60.6 MPH)
|
Batting: RHB Sergio Godinez
|
0-0: Called Strike 0-1: Ball 1-1: DOUBLE (Groundball, 3L, EV 104.4 MPH)
|
Batting: RHB Dustin Clark
|
0-0: DOUBLE (Line Drive, 89M, EV 110.6 MPH) Sergio Godinez scores
|
Pitching: RHP Ragnar Alqvist
|
|
Batting: RHB Rick O'Reilly
|
0-0: Ball 1-0: Called Strike 1-1: Ball Dustin Clark is caught stealing 3rd base 2-5 2-1: Ball 3-1: DOUBLE (Line Drive, 7LM, EV 106.2 MPH)
|
Batting: RHB Tenshou Takita
|
0-0: Swinging Strike 0-1: Ground out 5-3 (Groundball, 56, EV 83.1 MPH)
|
Top of the 6th over - 1 run, 3 hits, 0 errors, 1 left on base; St. Louis 5 - Cincinnati 3 |
BOTTOM OF THE 6TH |
Cincinnati Reds batting - Pitching for St. Louis Cardinals : LHP Nick Martin
|
Pitching: RHP Brian Sanderson
|
|
Batting: RHB Fred Slade
|
0-0: Fly out, F9 (Flyball, 9S, EV 89.4 MPH)
|
Batting: RHB Willie Lazcano
|
0-0: Ground out 6-3 (Groundball, 6MS, EV 59.4 MPH)
|
Batting: LHB Satoru Handa
|
0-0: Ball 1-0: Ground out U3 (Groundball, 3S, EV 78.8 MPH)
|
Bottom of the 6th over - 0 runs, 0 hits, 0 errors, 0 left on base; St. Louis 5 - Cincinnati 3 |
TOP OF THE 7TH |
St. Louis Cardinals batting - Pitching for Cincinnati Reds : RHP Ragnar Alqvist
|
Batting: SHB Antoine Roux
|
0-0: SINGLE (Groundball, 6D, EV 95.0 MPH)
|
Batting: RHB Bobby Scholl
|
0-0: Ball 1-0: Ball 2-0: Ball 3-0: Base on Balls Antoine Roux to second
|
Batting: RHB Branden Cavalcante
|
0-0: Called Strike 0-1: Swinging Strike 0-2: Ball 1-2: Strikes out looking
|
Batting: RHB Francisco Hernandez
|
0-0: Called Strike 0-1: Ball 1-1: Grounds into double play, 3-6-1 (Groundball, 34, EV 105.6 MPH)
|
Top of the 7th over - 0 runs, 1 hit, 0 errors, 1 left on base; St. Louis 5 - Cincinnati 3 |
BOTTOM OF THE 7TH |
Cincinnati Reds batting - Pitching for St. Louis Cardinals : RHP Brian Sanderson
|
Batting: RHB Omar Quintana
|
0-0: Ball 1-0: Ground out U3 (Groundball, 3L, EV 83.8 MPH)
|
Batting: LHB Jon Ledesma
|
0-0: Ball 1-0: Foul Ball, location: 2F 1-1: Ball 2-1: Swinging Strike 2-2: Foul Ball, location: 2F 2-2: Foul Ball, location: 2F 2-2: SOLO HOME RUN (Flyball, 9LD, EV 98.1 MPH), Distance : 357 ft
|
Batting: LHB Sean Geisler
|
0-0: Ball 1-0: Swinging Strike 1-1: Fly out, F4 (Popup, 4M, EV 71.2 MPH)
|
Batting: RHB Willie Cardamone
|
0-0: Hit by Pitch
|
Batting: SHB Saulo Maina
|
0-0: Called Strike 0-1: Foul Ball, location: 2F 0-2: Ball 1-2: Ball Willie Cardamone steals 2nd base 2-2: Foul Ball, location: 2F 2-2: Ball 3-2: Base on Balls
|
Batting: LHB Jesus Lozano
|
0-0: Ball 1-0: Foul Ball, location: 2F 1-1: Foul Ball, location: 2F 1-2: Ball 2-2: Strikes out swinging
|
Bottom of the 7th over - 1 run, 1 hit, 0 errors, 2 left on base; St. Louis 5 - Cincinnati 4 |
TOP OF THE 8TH |
St. Louis Cardinals batting - Pitching for Cincinnati Reds : RHP Ragnar Alqvist
|
Pitching: RHP David Silva
|
|
Batting: LHB John Blair
|
0-0: Called Strike 0-1: Swinging Strike 0-2: Ball 1-2: Ball 2-2: Strikes out looking
|
Batting: RHB Sergio Godinez
|
0-0: Ball 1-0: Foul Ball, location: 2F 1-1: Swinging Strike 1-2: Ball 2-2: DOUBLE (Line Drive, 9LM, EV 95.0 MPH)
|
Batting: RHB Dustin Clark
|
0-0: Foul Ball, location: 2F 0-1: SINGLE (Groundball, 6S, EV 66.9 MPH) (infield hit) Sergio Godinez to third
|
Pinch Hitting: LHB Tommy Luce
|
0-0: Ball 1-0: Ball 2-0: Fielders Choice at 2nd, 1-6 (Groundball, 15S, EV 74.4 MPH)
|
Batting: RHB Tenshou Takita
|
0-0: Called Strike 0-1: Ball 1-1: Ground out 4-3 (Groundball, 4, EV 88.1 MPH)
|
Top of the 8th over - 0 runs, 2 hits, 0 errors, 2 left on base; St. Louis 5 - Cincinnati 4 |
BOTTOM OF THE 8TH |
Cincinnati Reds batting - Pitching for St. Louis Cardinals : RHP Brian Sanderson
|
Pitching: RHP Guadalupe Vasguez
|
|
Now at 1B: Ben Rubenacker
|
|
Batting: LHB Shawn Morrison
|
0-0: Ground out 4-3 (Groundball, 4, EV 105.6 MPH)
|
Pinch Hitting: LHB Jake Bill
|
0-0: Ball 1-0: Ball 2-0: Ball 3-0: Called Strike 3-1: Called Strike 3-2: SOLO HOME RUN (Flyball, 8LXD, EV 114.4 MPH), Distance : 430 ft
|
Batting: LHB Satoru Handa
|
0-0: Called Strike 0-1: Ball 1-1: DOUBLE (Groundball, 3L, EV 105.0 MPH)
|
Batting: RHB Omar Quintana
|
0-0: Called Strike 0-1: Foul Ball, location: 2F 0-2: Ball 1-2: Ball 2-2: Ball 3-2: Strikes out swinging
|
Batting: LHB Jon Ledesma
|
0-0: Called Strike 0-1: Swinging Strike 0-2: Strikes out swinging
|
Bottom of the 8th over - 1 run, 2 hits, 0 errors, 1 left on base; St. Louis 5 - Cincinnati 5 |
TOP OF THE 9TH |
St. Louis Cardinals batting - Pitching for Cincinnati Reds : RHP David Silva
|
Now at 3B: Andy Arbuckle
|
|
Batting: SHB Antoine Roux
|
0-0: Called Strike 0-1: Ball 1-1: Swinging Strike 1-2: Ball 2-2: Strikes out swinging
|
Batting: RHB Bobby Scholl
|
0-0: Ball 1-0: Ground out 1-3 (Groundball, P, EV 65.0 MPH)
|
Pinch Hitting: LHB Alex Vargas
|
0-0: Called Strike 0-1: Called Strike 0-2: Foul Ball, location: 2F 0-2: Ball 1-2: Ball 2-2: Foul Ball, location: 2F 2-2: Ball 3-2: Fly out, F8 (Flyball, 8RM, EV 89.4 MPH)
|
Top of the 9th over - 0 runs, 0 hits, 0 errors, 0 left on base; St. Louis 5 - Cincinnati 5 |
BOTTOM OF THE 9TH |
Cincinnati Reds batting - Pitching for St. Louis Cardinals : RHP Guadalupe Vasguez
|
Pitching: RHP Tony Campos
|
|
Now in LF: Pavpv Ivanushkin
|
|
Batting: LHB Sean Geisler
|
0-0: Called Strike 0-1: Ball 1-1: Called Strike 1-2: Ball 2-2: DOUBLE (Line Drive, 8LXD, EV 108.8 MPH)
|
Batting: RHB Willie Cardamone
|
0-0: Ball Sean Geisler steals 3rd base 1-0: Ball 2-0: Foul Ball, location: 2F 2-1: Swinging Strike 2-2: Ball 3-2: Base on Balls
|
Batting: SHB Saulo Maina
|
0-0: Ball Willie Cardamone steals 2nd base (no throw) 1-0: SINGLE (Line Drive, 6D, EV 102.5 MPH) Sean Geisler scores
|
Bottom of the 9th over - 1 run, 2 hits, 0 errors, 0 left on base; St. Louis 5 - Cincinnati 6 |
|
Game Over ... Cincinnati defeats St. Louis, 6 to 5
|
|
|